 Dungeon Crawl Stone Soup version 0.29.1-12-g30fa7ad0bf (webtiles) character file.

Game seed: 1958854520518562874

137 zlionsfan the Sneak (level 5, -2/52 HPs)
             Began as a Troll Delver on Jan 14, 2023.
             Was an Initiate of Makhleb.
             Slain by a river rat (5 damage)
             ... summoned by Eustachio
             ... on level 4 of the Dungeon.
             The game lasted 00:07:51 (2956 turns).

zlionsfan the Sneak (Troll Delver)                  Turns: 2956, Time: 00:07:53

Health: -2/52      AC:  4    Str: 20    XL:     5   Next: 0%
Magic:  4/4        EV: 10    Int:  6    God:    Makhleb [......]
Gold:   174        SH:  0    Dex: 13    Spells: 4/4 levels left

rFire   . . .      SeeInvis .     - Unarmed
rCold   . . .      Faith    .   (no shield)
rNeg    . . .      Spirit   .   a - +0 robe
rPois   .          Reflect  .   (helmet restricted)
rElec   .          Harm     .   (no cloak)
rCorr   .          Rampage  .   (gloves unavailable)
Will    +....                   (boots unavailable)
Stlth   ++........              (no amulet)
HPRegen 0.97/turn               p - ring of willpower
MPRegen 0.09/turn               (no ring)

@: no status effects
A: large, unfitting armour, claws 3, regeneration 1, shaggy fur 1, tough skin 1
a: Renounce Religion


You were on level 4 of the Dungeon.
You worshipped Makhleb.
Makhleb was noncommittal.
You visited 1 branch of the dungeon, and saw 5 of its levels.

You collected 174 gold pieces.

Inventory:

Armour
 a - a +0 robe (worn)
Jewellery
 i - a ring of fire
 l - an amulet of magic regeneration
 p - a ring of willpower (left claw)
Wands
 f - a wand of digging (3)
 g - a wand of iceblast (8)
Scrolls
 b - a scroll of fog
 c - 3 scrolls of magic mapping
 d - a scroll of fear
 h - a scroll of silence {unknown}
 j - 3 scrolls of poison {unknown}
 o - 5 scrolls of identify {unknown}
 r - a scroll of acquirement {unknown}
 s - 2 scrolls of noise {unknown}
 u - a scroll of blinking {unknown}
Potions
 e - 3 potions of haste
 k - a potion of lignification {unknown}
 m - 5 potions of heal wounds {unknown}
 n - a potion of ambrosia {unknown}
 q - a potion of resistance {unknown}
 t - a potion of might {unknown}
 v - 3 potions of invisibility {unknown}


   Skills:
 + Level 2.8 Fighting
 + Level 1.9 Dodging
 + Level 3.4 Stealth
 + Level 3.4 Unarmed Combat


You had 4 spell levels left.
You didn't know any spells.
Your spell library contained the following spells:

 Spells                   Type           Power      Damage    Failure   Level
 Static Discharge         Conj/Air       0%         3-3/arc   58%         2
 Dispel Undead            Necr           0%         3d6       99%         4
 Sticky Flame             Conj/Fire      0%         2d3       99%         4


Dungeon Overview and Level Annotations

Branches:
Dungeon (5/15)
 Temple: D:4-7

Altars:
Makhleb
Trog

Shops:
D:2 =

Annotations:
D:4 Eustachio


Innate Abilities, Weirdness & Mutations

You are too large for most types of armour.
You have claws for hands.
Your natural rate of healing is unusually fast.
You are covered in fur. (AC +1)
You have tough skin. (AC +1)


Message History

The quokka bites you but does no damage.
You claw the river rat!
The river rat is almost dead.
The bat hits you. The river rat misses you. The quokka closely misses you.
You barely miss Eustachio.
Eustachio is severely wounded.
The bat barely misses you.
The river rat bites you but does no damage.
The quokka closely misses you.
Eustachio hits you with a +1 rapier of electrocution.
You barely miss Eustachio.
Eustachio is severely wounded.
The bat closely misses you. The river rat barely misses you. x2
The quokka bites you.
You closely miss Eustachio.
Eustachio is severely wounded.
Eustachio casts a spell.
The quokka bites you but does no damage.
The river rat misses you.
The river rat bites you but does no damage.
The bat hits you but does no damage.
You scratch Eustachio.
Eustachio is almost dead.
The bat hits you but does no damage. The bat barely misses you.
Eustachio hits you with a +1 rapier of electrocution!
You are electrocuted!
* * * LOW HITPOINT WARNING * * *
The quokka closely misses you. The river rat bites you.
* * * LOW HITPOINT WARNING * * *
The river rat bites you.
* * * LOW HITPOINT WARNING * * *
The crimson imp grinds its teeth.
The crimson imp blinks!
You barely miss Eustachio.
Eustachio is almost dead.
The bat closely misses you. The quokka barely misses you.
Eustachio hits you but does no damage. The river rat bites you.
* * * LOW HITPOINT WARNING * * *
The river rat bites you.
You die...

######## .#
#......######.#
#......#......#
#>.....#......#
#....b.#...S..#
#....r.#......#
#...5r@#......#
#....@r#......#
#....5.#......#
#.....5'......#
########......#
##.....#
#.....# #.....#
#.....#


You could see Eustachio, an iron imp (summoned), a quasit (summoned), a crimson
imp (summoned), 2 river rats, a quokka (summoned) and a bat (summoned).

Vanquished Creatures
  Jessica (D:2)
  Robin (D:2)
  An adder (D:2)
  A worm (D:3)
  4 dart slugs
  2 orcs
  3 ball pythons
  13 bats
  4 endoplasms
  3 giant cockroaches
  13 goblins
  10 hobgoblins
  5 jackals
  3 kobolds
  3 quokkas (D:3)
  A rat (D:1)
68 creatures vanquished.

Notes
Turn   | Place    | Note
-------+----------+-------------------------------------------
     0 | D:5      | zlionsfan the Troll Delver began the quest for the Orb.
     0 | D:5      | Reached XP level 1. HP: 22/22 MP: 0/0
    13 | D:5      | Noticed a scorpion
    16 | D:5      | Noticed an iguana
    34 | D:4      | Noticed Eustachio
    40 | D:4      | Noticed a crimson imp
    57 | D:3      | Reached XP level 2. HP: 28/29 MP: 1/1
   177 | D:2      | Noticed Jessica
   188 | D:2      | Found Ralofu's One-of-a-Kind Rings.
   283 | D:2      | Noticed Robin
   398 | D:2      | Reached XP level 3. HP: 34/36 MP: 2/2
  1457 | D:2      | Killed Jessica
  1458 | D:2      | Reached XP level 4. HP: 44/44 MP: 3/3
  1788 | D:2      | Killed Robin
  2489 | D:3      | Found a burning altar of Makhleb.
  2497 | D:3      | Became a worshipper of Makhleb the Destroyer
  2564 | D:3      | Found a faded altar of an unknown god.
  2628 | D:3      | Found a bloodstained altar of Trog.
  2634 | D:3      | Reached XP level 5. HP: 52/52 MP: 4/4
  2956 | D:4      | Slain by a river rat

Illustrated notes

Levels and vault maps discovered:
D:1:      psy_arrival_conway, layout_basic
D:2:      layout_basic, minivault_27, nicolae_shop_unique_rings,
          hangedman_abyss_or_decor_stabs, grunt_ministairs_13,
          minmay_misc_feat_rugged, uniq_robin, uniq_jessica
D:3:      layout_loops_ring, lightli_temple_of_fire,
          mainiacjoe_overflow_alcove_2, chequers_ecumenical_altar_twisty,
          roderic_three_in_a_row
D:4:      layout_gridville, okawaru_gym_becter, lemuel_doored_altar,
          ashenzari_altar_1, uniq_edmund, uniq_eustachio
D:5:      layout_rooms, mainiacjoe_overflow_alcove_4, dreamdust_wishing_well,
          kennysheep_generic_room_5, uniq_crazy_yiuf_cottage

Skill      XL: |  1  2  3  4 |
---------------+-------------+-----
Stealth        | 3 |  3.4
Unarmed Combat | 3 |  3.4
Fighting       | |  2.8
Dodging        | |  1.9

Action                   |  1- 3 |  4- 6 || total
-------------------------+-------+-------++-------
Melee: Unarmed           |    89 |    94 ||   183
       Punch             |     3 |     1 ||     4
 Stab: Sleeping          |     7 |     7 ||    14
Armor: Robe              |    25 |    51 ||    76
Dodge: Dodged            |    44 |    75 ||   119
